 Dungeon Crawl Stone Soup version 0.28.0-43-g3370ac3207 (webtiles) character file.

Game seed: 7027339304883622900

1165 Milton the Charlatan (level 8, -3/62 HPs)
             Began as a Green Draconian Artificer on Mar 5, 2022.
             Was a Follower of Ru.
             Slain by a scorpion (6 damage)
             ... on level 6 of the Dungeon on Mar 6, 2022.
             The game lasted 00:48:09 (5540 turns).

Milton the Charlatan (Green Draconian Artificer)    Turns: 5540, Time: 00:48:10

Health: -3/62      AC:  0    Str: 15    XL:     8   Next: 17%
Magic:  11/11      EV: 15    Int: 13    God:    Ru [*.....]
Gold:   207        SH:  5    Dex: 12    Spells: 9/11 levels left

rFire   . . .      SeeInvis .   (weapon currently unavailable)
rCold   . . .      Faith    .   (shield currently unavailable)
rNeg    . . .      Spirit   .   (armour unavailable)
rPois   .          Reflect  +   (helmet currently unavailable)
rElec   .          Harm     .   (cloak currently unavailable)
rCorr   .          Rampage  .   (gloves currently unavailable)
Will    .....                   (boots currently unavailable)
Stlth   ++........              r - amulet of reflection
HPRegen 0.20/turn               (ring currently unavailable)
MPRegen 0.12/turn               (ring currently unavailable)

@: short of breath, pig-form, unable to drink, very quick
A: fast, no casting, (breathe noxious fumes), AC +6, small, unfitting armour,
(poison resistance), (cold-blooded), inability to drink while threatened
a: Renounce Religion


You were on level 6 of the Dungeon.
You worshipped Ru.
Ru was aware of your devotion.
You were a filthy swine.
You visited 2 branches of the dungeon, and saw 7 of its levels.

You collected 207 gold pieces.

Inventory:

Hand Weapons
 l - a +6 quarterstaff of chaos (melded)
Missiles
 o - 6 boomerangs (quivered)
Armour
 n - a +2 cloak of poison resistance (melded)
Jewellery
 a - a ring of willpower (melded)
 k - a ring of see invisible (melded)
 r - an amulet of reflection (around neck)
Wands
 v - a wand of polymorph (9)
Potions
 b - a potion of cancellation {unknown}
 c - a potion of curing
 f - a potion of haste {unknown}
 g - a potion of flight {unknown}
 i - a potion of heal wounds {unknown}
 j - 2 potions of brilliance {unknown}
Miscellaneous
 d - a piece from Xom's chessboard (2/15)


   Skills:
 * Level 2.5 Fighting
 * Level 2.4(3.1) Maces & Flails
 * Level 2.0(2.8) Polearms
 * Level 2.9(3.6) Staves
 * Level 1.1(1.7) Slings
 * Level 2.0(2.2) Throwing
 * Level 3.6 Dodging
 * Level 2.9 Stealth
 + Level 0.4 Shields
 * Level 2.2 Spellcasting
 * Level 1.4 Summonings
 * Level 1.3 Necromancy
 * Level 1.8 Translocations
 * Level 1.9 Invocations
 * Level 4.4 Evocations


You had 9 spell levels left.
You knew the following spells:

 Your Spells              Type           Power      Damage    Failure   Level
a - Animate Skeleton      Necr           10%        N/A       14%         1
b - Summon Small Mammal   Summ           20%        N/A       14%         1

Your spell library contained the following spells:

 Spells                   Type           Power      Damage    Failure   Level
 Apportation              Tloc           12%        N/A       12%         1
 Gell's Gravitas          Tloc           6%         N/A       34%         3
 Lesser Beckoning         Tloc           6%         N/A       34%         3
 Teleport Other           Tloc           6%         N/A       34%         3
 Confusing Touch          Hex            1%         N/A       58%         3
 Frozen Ramparts          Ice            2%         1d2       58%         3
 Summon Ice Beast         Ice/Summ       3%         N/A       88%         4
 Ice Form                 Ice/Tmut       1%         N/A       94%         4
 Yara's Violent Unravell  Hex/Tmut       0%         3d3       100%        5
 Enfeeble                 Hex            0%         N/A       100%        7
 Chain Lightning          Conj/Air       0%         2d1       100%        9
 Fire Storm               Conj/Fire      0%         6d1       100%        9
 Shatter                  Erth           0%         3d5*      100%        9


Dungeon Overview and Level Annotations

Branches:
Dungeon (6/15)             Temple (1/1) D:4

Altars:
Ashenzari
Cheibriados
Dithmenos
Elyvilon
Fedhas
Gozag
Hepliaklqana
Kikubaaqudgha
Makhleb
Nemelex Xobeh
Okawaru
Ru
Sif Muna
Uskayaw
Wu Jian
Xom
Yredelemnul
The Shining One

Annotations:
D:6 Grinder


Innate Abilities, Weirdness & Mutations

You are a filthy swine.
You move quickly.
Your equipment is almost entirely melded.
You are incapable of wielding weapons or throwing items.
You cannot cast spells.
((You can breathe blasts of noxious fumes.))
((Your lurid green scales are hard. (AC +6)))
You cannot fit into any form of body armour.
((Your system is resistant to poisons. (rPois)))
((You are cold-blooded and may be slowed by cold attacks.))
You sometimes lose the ability to drink potions when taking damage.


Message History

The slug dart misses you. You block the scorpion's attack.
You make a move on Xom's chessboard...
The dart slug seems to speed up.
The black bear barely misses you. The black bear claws you.
The black bear claws you but does no damage.
The scorpion stings you but does no damage.
The jelly hits you but does no damage.
The black bear bites you but does no damage.
The black bear closely misses you. The black bear claws you.
* * * LOW HITPOINT WARNING * * *
The scorpion stings you!
* * * LOW HITPOINT WARNING * * *
You aren't carrying any scrolls.
The black bear bites you but does no damage.
The black bear barely misses you.
The black bear claws you but does no damage.
Aiming: Polymorph
Press: ? - help, Shift-Dir - straight line, f/p - black bear
Aim: a black bear (heavily wounded, will become a human, a blink frog, or a wolf, chance to affect: 60%)
The black bear evaporates and reforms as a blink frog!
You block the scorpion's attack. You block the blink frog's attack.
The jelly hits you but does no damage.
You redirect the dart slug's attack!
The scorpion closely misses you.
You see here a +0 ring mail.
The blink frog blinks!
Aiming: Polymorph
Press: ? - help, Shift-Dir - straight line, f - you, p - blink frog That beam is likely to hit you.
Continue anyway?
You turn into a filthy swine.
Your +6 quarterstaff of chaos melds into your body.
Your +2 cloak of poison resistance melds into your body.
Your ring of see invisible melds into your body.
Your ring of willpower melds into your body.
The scorpion closely misses you. The jelly hits you.
* * * LOW HITPOINT WARNING * * *
You are splashed with acid!
* * * LOW HITPOINT WARNING * * *
The blink frog blinks!
The blink frog blinks!
The scorpion stings you.
You die...

*,,#...=......##*******
*,*#............,,,,,,,
*,*#..........#********
***##.§......##
#..........#
#.)).F.....#
#.<.§......#
#..wJ[.....#
#..hs..§...#
##........## ##......##
########


You could see a blink frog, a scorpion, a jelly and a dart slug (fast).

Vanquished Creatures
  An ice beast (D:5)
  2 orc warriors (D:6)
  2 black bears (D:5)
  An ogre (D:5)
  2 scorpions (D:6)
  A water moccasin zombie (D:5)
  A centaur skeleton (D:5)
  An iguana (D:4)
  2 orc wizards (D:6)
  2 howler monkey zombies (D:5)
  A howler monkey skeleton (D:5)
  10 gnolls
  7 adders
  2 adder skeletons
  5 worms
  A dart slug (D:3)
  13 orcs
  3 ball pythons
  4 bats
  4 endoplasms
  4 giant cockroaches
  5 goblins
  9 hobgoblins
  3 jackals
  6 kobolds
  3 quokkas
  3 frilled lizards
  4 rats
102 creatures vanquished.

Vanquished Creatures (collateral kills)
  Crazy Yiuf (D:4)
  A gnoll (D:2)
  A shadow imp (D:3)
  3 hobgoblins
  A kobold (D:1)
  2 goblins
9 creatures vanquished.

Vanquished Creatures (others)
  2 goblins
  A hobgoblin (D:1)
  A frilled lizard (D:3)
  A kobold (D:2)
  A rat (D:1)
6 creatures vanquished.

Grand Total: 117 creatures vanquished

Notes
Turn   | Place    | Note
-------+----------+-------------------------------------------
     0 | D:1      | Milton the Draconian Artificer began the quest for the Orb.
     0 | D:1      | Reached XP level 1. HP: 16/16 MP: 1/1
   223 | D:1      | Reached skill level 1 in Stealth
   224 | D:1      | Reached XP level 2. HP: 21/23 MP: 2/2
   350 | D:1      | Found a faded altar of an unknown god.
   362 | D:1      | Prayed at the altar of an unknown god.
   362 | D:1      | Became a worshipper of Uskayaw the Reveller
   362 | D:1      | Reached * piety under Uskayaw
   970 | D:2      | Reached XP level 3. HP: 25/28 MP: 3/3
  1096 | D:2      | Reached ** piety under Uskayaw
  1133 | D:2      | Reached XP level 4. HP: 28/35 MP: 0/4
  1421 | D:2      | Learned a level 1 spell: Animate Skeleton
  1423 | D:2      | Learned a level 1 spell: Summon Small Mammal
  1425 | D:2      | Learned a level 1 spell: Apportation
  1590 | D:3      | Found a snail-covered altar of Cheibriados.
  1746 | D:3      | Reached skill level 4 in Evocations
  1784 | D:3      | Reached skill level 1 in Maces & Flails
  1998 | D:3      | Identified the +0 robe of Minor Irritation {Str+4}
  2138 | D:3      | Reached XP level 5. HP: 41/41 MP: 1/6
  2150 | D:3      | Reached skill level 1 in Spellcasting
  2589 | D:4      | Found an ancient bone altar of Kikubaaqudgha.
  2613 | D:4      | Found a staircase to the Ecumenical Temple.
  2625 | Temple   | Entered the Ecumenical Temple
  2728 | Temple   | Fell from the grace of Uskayaw
  2728 | Temple   | Became a worshipper of Nemelex Xobeh the Trickster
  2759 | D:4      | Found a runed translucent door.
  2760 | D:4      | Noticed Crazy Yiuf
  2820 | D:4      | Killed Crazy Yiuf
  3003 | D:4      | Found a sacrificial altar of Ru.
  3051 | D:4      | Fell from the grace of Nemelex Xobeh
  3051 | D:4      | Became a worshipper of Ru the Awakened
  3277 | D:4      | Found a hide-covered altar of Uskayaw.
  3361 | D:4      | Reached skill level 1 in Invocations
  3371 | D:4      | Reached skill level 1 in Staves
  3788 | D:5      | Entered Level 5 of the Dungeon
  3788 | D:5      | Found a glowing golden altar of the Shining One.
  3797 | D:5      | Reached skill level 1 in Polearms
  3797 | D:5      | Reached XP level 6. HP: 43/45 MP: 6/8
  3802 | D:5      | Found a broken altar of Ashenzari.
  3802 | D:5      | Found a shimmering altar of Xom.
  3804 | D:5      | Found a burning altar of Makhleb.
  3824 | D:5      | Reached skill level 1 in Throwing
  3918 | D:5      | Found an ornate altar of the Wu Jian Council.
  4379 | D:5      | Reached skill level 1 in Summonings
  4379 | D:5      | Reached skill level 1 in Translocations
  4379 | D:5      | Your scales start taking on a lurid green colour.
  4379 | D:5      | Reached XP level 7. HP: 34/55 MP: 9/9
  4379 | D:5      | Gained mutation: Your system is resistant to poisons.
                  | (rPois) [Green Draconian growth]
  4392 | D:5      | Reached skill level 1 in Necromancy
  4800 | D:5      | Gained mutation: You sometimes lose the ability to drink
                  | potions when taking damage. [Ru sacrifice]
  4800 | D:5      | Reached * piety under Ru
  5043 | D:6      | Reached XP level 8. HP: 57/62 MP: 9/11
  5056 | D:6      | XOM: summons 5 hostile demons
  5063 | D:6      | Noticed Grinder
  5507 | D:5      | Reached skill level 1 in Slings
  5535 | D:6      | Noticed a blink frog
  5535 | D:6      | a black bear changed into a blink frog
  5538 | D:6      | HP: 2/62 [acid (8)]
  5540 | D:6      | Slain by a scorpion

Illustrated notes

Levels and vault maps discovered:
D:1:      lemuel_arrival_broad_hall, layout_basic, basic_ecumenical_altar
D:2:      layout_basic
D:3:      layout_basic, cheibrodos_worm_habitat, roderic_lattice_a,
          grunt_ministairs_1
D:4:      layout_loops_corners, nicolae_ru_awakened_eye,
          mainiacjoe_overflow_alcove_2, lemuel_round_altar, temple_green,
          nicolae_wormholes, uniq_crazy_yiuf_cottage
D:5:      layout_loops_ring, mainiacjoe_overflow_small_starburst,
          grunt_temple_overflow_open
D:6:      layout_rooms, zin_angel, st_stairs_14, minmay_pentangle, uniq_grinder,
          uniq_duvessa
Temple:   dpeg_three_leaves_temple

Skill      XL: |  1  2  3  4  5  6  7  8 |
---------------+-------------------------+-----
Stealth        | 1 2 |  2.9
Evocations     | 4 |  4.4
Maces & Flails | 1 2 |  2.4
Spellcasting   | 1 2 |  2.2
Invocations    | 1 |  1.9
Staves         | 1 2 |  2.9
Polearms       | 1 2 |  2.0
Throwing       | 1 2 |  2.0
Dodging        | 3 |  3.6
Fighting       | 2 |  2.5
Summonings     | 1 |  1.4
Translocations | 1 |  1.8
Necromancy     | 1 |  1.3
Slings         | 1 |  1.1
Shields        | |  0.4

Action                   |  1- 3 |  4- 6 |  7- 9 || total
-------------------------+-------+-------+-------++-------
Melee: Club              |    64 |       |       ||    64
       Tailslap          |     9 |    24 |     6 ||    39
       Spear             |     6 |   106 |       ||   112
       Quarterstaff      |       |    60 |    42 ||   102
       Punch             |       |     1 |       ||     1
 Fire: Hunting sling     |       |     7 |       ||     7
Throw: Throwing net      |     1 |       |       ||     1
       Boomerang         |       |    57 |    16 ||    73
 Cast: Summon Small Mamm |       |     1 |       ||     1
Invok: Stomp             |     1 |     3 |       ||     4
       Sacrifice Drink   |       |       |     1 ||     1
 Abil: Breathe Noxious F |       |       |    10 ||    10
Evoke: Wand              |    16 |    14 |     3 ||    33
       Piece from Xom's  |     9 |    17 |     3 ||    29
  Use: Scroll            |       |     6 |     6 ||    12
       Potion            |       |     2 |       ||     2
 Stab: Sleeping          |     3 |     4 |       ||     7
       Petrified         |     3 |       |     7 ||    10
       Held in net/web   |     1 |       |       ||     1
       Paralysed         |       |     9 |       ||     9
       Distracted        |       |     1 |       ||     1
       Confused          |       |       |     2 ||     2
Armor: Skin              |    13 |    47 |    43 ||   103
Dodge: Dodged            |    42 |    89 |    55 ||   186
Block: Other             |       |    13 |    23 ||    36
       Reflection        |       |     1 |       ||     1
